 Dungeon Crawl Stone Soup version 0.30-a0-50-gb2d611f6b1 (webtiles) character file.

Game seed: 1100159410182177715

13314 ytrimaz the Cleaver (level 12, -7/102 HPs)
             Began as a Formicid Fighter on Sept 4, 2022.
             Was an Elder of Okawaru.
             Mangled by a 13-headed hydra (8 damage)
             ... on level 12 of the Dungeon.
             The game lasted 00:20:25 (11972 turns).

ytrimaz the Cleaver (Formicid Fighter)             Turns: 11972, Time: 00:20:26

Health: -7/102     AC: 12    Str: 31    XL:     12   Next: 31%
Magic:  13/19      EV: 17    Int:  9    God:    Okawaru [****..]
Gold:   618        SH:  7    Dex: 13    Spells: 11/11 levels left

rFire   . . .      SeeInvis +    a - +0 war axe (venom) {axe}
rCold   . . .      Faith    .    c - +1 buckler
rNeg    . . .      Spirit   .    A - +0 acid dragon scales
rPois   .          Reflect  .    (helmet unavailable)
rElec   .          Harm     .    (no cloak)
rCorr   +          Rampage  .    J - +0 pair of gloves
Will    +....                    y - +2 pair of boots
Stlth   ++........               l - amulet of regeneration {@e2}
HPRegen 1.07/turn                i - +4 ring of evasion
MPRegen 0.16/turn                s - +6 ring of strength

@: heroic, finesse-ful
A: permanent stasis, dig shafts and tunnels, antennae 3, four strong arms,
inability to read after injury 1
a: Dig, Shaft Self, Renounce Religion, Heroism, Finesse


You were on level 12 of the Dungeon.
You worshipped Okawaru.
Okawaru was greatly pleased with you.
You visited 3 branches of the dungeon, and saw 15 of its levels.

You collected 778 gold pieces.
You spent 160 gold pieces at shops.


Innate Abilities, Weirdness & Mutations

You cannot be hasted, slowed, berserked, paralysed or teleported.
You can dig through walls and to a lower floor.
You have a pair of large antennae on your head. (SInv)
Your four strong arms can wield two-handed weapons with a shield.
You occasionally lose the ability to read scrolls when taking damage.


   Skills:
 - Level 12.0(17.0) Fighting
 + Level 13.6(18.6) Axes
 - Level 3.2(8.2) Armour
 - Level 4.0(9.0) Shields
 - Level 10.0 Invocations


You had 11 spell levels left.
You didn't know any spells.
Your spell library contained the following spells:

 Spells                   Type           Power      Damage    Failure   Level
 Foxfire                  Conj/Fire      0%         2x1d4     50%         1
 Magic Dart               Conj           0%         1d3       50%         1
 Sandblast                Erth           0%         2d4       50%         1
 Passwall                 Tmut/Erth      0%         N/A       63%         2
 Poisonous Vapours        Pois/Air       0%         N/A       63%         2
 Conjure Flame            Conj/Fire      0%         6-21      86%         3
 Inner Flame              Hex/Fire       0%         N/A       86%         3
 Mephitic Cloud           Conj/Pois/Air  0%         N/A       86%         3
 Portal Projectile        Hex/Tloc       0%         N/A       86%         3
 Stone Arrow              Conj/Erth      0%         3d7       86%         3
 Anguish                  Hex/Necr       0%         N/A       99%         4
 Corpse Rot               Necr/Pois/Air  0%         N/A       99%         4
 Flame Wave               Conj/Fire      0%         2d4       99%         4
 Leda's Liquefaction      Hex/Erth       0%         N/A       99%         4
 Blade Hands              Tmut           0%         N/A       100%        5
 Lee's Rapid Deconstruct  Erth           0%         3d5*      100%        5
 Statue Form              Tmut/Erth      0%         N/A       100%        6
 Enfeeble                 Hex            0%         N/A       100%        7
 Call Imp                 Summ           Unusable   N/A       N/A         2
 Tukima's Dance           Hex            Unusable   N/A       N/A         3

Inventory:

Hand Weapons
 a - a +0 war axe of venom (weapon) {axe}
 C - a +1 battleaxe {axe}
   (You took it off a wight on level 7 of the Dungeon)
Missiles
 f - 111 stones {throwing}
 D - 4 throwing nets {=f!fthrowing}
 F - 8 javelins {throwing}
 H - 3 boomerangs of dispersal {=f!fthrowing}
 O - 3 silver boomerangs {throwing}
 Q - 3 boomerangs {throwing}
Armour
 c - a +1 buckler (worn)
 y - a +2 pair of boots (worn)
   (You found it on level 6 of the Dungeon)
 A - +0 acid dragon scales (worn)
   (You took it off Maggie on level 7 of the Dungeon)
 J - a +0 pair of gloves (worn)
   (You found it on level 9 of the Dungeon)
 K - a +0 plate armour
   (You took it off an orc warrior on level 10 of the Dungeon)
Jewellery
 b - a ring of resist corrosion
   (You found it on level 11 of the Dungeon)
 d - a +6 ring of strength
   (You found it on level 6 of the Dungeon)
 e - a ring of protection from cold
   (You found it on level 5 of the Dungeon)
 i - a +4 ring of evasion (left hand)
   (You found it on level 1 of the Dungeon)
 l - an amulet of regeneration (around neck) {@e2}
   (You found it on level 2 of the Dungeon)
 p - a ring of ice
   (You found it on level 3 of the Dungeon)
 q - a ring of positive energy
   (You found it on level 8 of the Dungeon)
 s - a +6 ring of strength (right hand)
   (You found it on level 3 of the Dungeon)
 x - a ring of willpower
   (You found it on level 6 of the Dungeon)
Wands
 g - a wand of iceblast (10) (quivered)
   (You found it on level 5 of the Dungeon)
 z - a wand of mindburst (5)
   (You found it on level 7 of the Dungeon)
 B - a wand of paralysis (5)
   (You found it on level 7 of the Dungeon)
 I - a wand of flame (5)
   (You found it on level 11 of the Dungeon)
 N - a wand of polymorph (10)
   (You found it on level 11 of the Dungeon)
 S - a wand of acid (5)
   (You found it on level 12 of the Dungeon)
Scrolls
 h - a scroll of vulnerability {!r!r}
 j - a scroll of enchant armour
 k - 4 scrolls of identify {@r1}
 m - 2 scrolls of butterflies
 n - a scroll of amnesia
 r - 2 scrolls of magic mapping {!r}
 v - a scroll of torment {!r}
 E - a scroll of immolation {!r!r}
 G - a scroll of poison {!r}
 T - a scroll of brand weapon
Potions
 o - 2 potions of brilliance
 t - a potion of curing {@q1}
 u - a potion of ambrosia
 w - a potion of flight
 M - 2 potions of lignification {!q}
 R - a potion of degeneration {unknown}
Miscellaneous
 L - a condenser vane
   (You found it on level 10 of the Dungeon)

Dungeon Overview and Level Annotations

Branches:
Dungeon (12/15) Zot: 26832  Temple (1/1) D:4 Zot: 5905    Lair (0/5) D:9
    Orc (2/2) D:10 Zot: 11575
    Elf: Orc:2

Altars:
Ashenzari
Cheibriados
Dithmenos
Elyvilon
Fedhas
Gozag
Hepliaklqana
Kikubaaqudgha
Makhleb
Nemelex Xobeh
Okawaru
Qazlal
Ru
Sif Muna
Trog
Uskayaw
Vehumet
Wu Jian
Xom
Yredelemnul
Zin
The Shining One

Shops:
Orc:1 !

Annotations:
D:4 2 transporters
D:8 2 runed translucent doors, bigduke15's ghost, novice MiFi

...... ......
{...... ..# #......
#..# ##.ยง.ยง...
##...#####........
##.........Dl..ยง#
##.........)@)..#
#............).##
................##
.................#
..........$.........
........=...........
#...................
##.....#............
#.....###...........


You could see a 13-headed hydra (extremely poisoned) and a komodo dragon.


Message History

You slice one of the seven-headed hydra's heads off!
The six-headed hydra grows two more!
You slash the eight-headed hydra!
The eight-headed hydra is poisoned.
The eight-headed hydra bites you!
You block the eight-headed hydra's attack.
The eight-headed hydra bites you.
The eight-headed hydra completely misses you.
The eight-headed hydra bites you!
You block the eight-headed hydra's attack.
The eight-headed hydra bites you but does no damage.
You block the eight-headed hydra's attack. ๐Ÿ˜• HP[-22] MP[+1]
You take 22 damage, and now have 79/102 hp.
MASSIVE DAMAGE!! (PAUSE)
You slice one of the eight-headed hydra's heads off!
The seven-headed hydra grows two more!
You slash the nine-headed hydra!
You hit the kobold demonologist. ๐Ÿ˜• HP[+1]
You slice one of the nine-headed hydra's heads off!
The eight-headed hydra grows two more!
You slash the ten-headed hydra!
The ten-headed hydra looks as sick as possible!
You slash the kobold demonologist!
The kobold demonologist is poisoned.
Unknown command.
You hack one of the ten-headed hydra's heads off!
The nine-headed hydra grows two more!
You slash the 11-headed hydra!
You closely miss the kobold demonologist.
The 11-headed hydra barely misses you. You block the 11-headed hydra's attack.
The 11-headed hydra bites you but does no damage.
The 11-headed hydra bites you! The 11-headed hydra closely misses you.
The 11-headed hydra bites you. The 11-headed hydra misses you.
The 11-headed hydra closely misses you.
The 11-headed hydra bites you but does no damage.
The 11-headed hydra misses you. x2
You block the kobold demonologist's attack. ๐Ÿ˜ฎ HP[-9]
You take 9 damage, and now have 71/102 hp.
Unknown command.
You lop one of the 11-headed hydra's heads off!
The ten-headed hydra grows two more!
You slash the 12-headed hydra! You slash the kobold demonologist!
You barely miss the 12-headed hydra. You slash the kobold demonologist!
You kill the kobold demonologist!
Okawaru accepts your kill.
The ice devil disappears in a puff of smoke!
Unknown command.
You hit the 12-headed hydra but do no damage.
The 12-headed hydra completely misses you.
The 12-headed hydra barely misses you. You block the 12-headed hydra's attack.
The 12-headed hydra closely misses you. The 12-headed hydra bites you!
The 12-headed hydra bites you. The 12-headed hydra misses you.
The 12-headed hydra bites you but does no damage.
The 12-headed hydra closely misses you. The 12-headed hydra bites you.
You block the 12-headed hydra's attack. The 12-headed hydra bites you.
* * * LOW HITPOINT WARNING * * *
๐Ÿ˜จ HP[-22]
You take 22 damage, and now have 49/102 hp.
MASSIVE DAMAGE!! (PAUSE)
You slice one of the 12-headed hydra's heads off!
The 11-headed hydra grows two more!
You hit the 13-headed hydra. You barely miss the 13-headed hydra.
The 13-headed hydra bites you!
* * * LOW HITPOINT WARNING * * *
The 13-headed hydra bites you.
* * * LOW HITPOINT WARNING * * *
The 13-headed hydra barely misses you.
You block the 13-headed hydra's attack. x2
The 13-headed hydra barely misses you. The 13-headed hydra bites you!
* * * LOW HITPOINT WARNING * * *
The 13-headed hydra misses you. You block the 13-headed hydra's attack.
The 13-headed hydra bites you!
* * * LOW HITPOINT WARNING * * *
The 13-headed hydra bites you!
* * * LOW HITPOINT WARNING * * *
The 13-headed hydra bites you but does no damage.
The 13-headed hydra bites you!
* * * LOW HITPOINT WARNING * * *
Unknown command. ๐Ÿ˜ฑ HP[-47]
You take 47 damage, and now have 2/102 hp.
MASSIVE DAMAGE!! (PAUSE)
Okay, then.
You feel much better. The komodo dragon closely misses you.
The 13-headed hydra misses you.
The 13-headed hydra bites you but does no damage.
The 13-headed hydra barely misses you. The 13-headed hydra bites you!
* * * LOW HITPOINT WARNING * * *
The 13-headed hydra barely misses you. You block the 13-headed hydra's attack.
The 13-headed hydra misses you.
The 13-headed hydra bites you but does no damage.
The 13-headed hydra bites you!
* * * LOW HITPOINT WARNING * * *
The 13-headed hydra closely misses you. x2; The 13-headed hydra misses you.
You block the 13-headed hydra's attack.
Unknown command.
Unknown command.
Okay, then.
Okay, then.
The 13-headed hydra attacks as you move away!
The 13-headed hydra bites you but does no damage.
The 13-headed hydra misses you. x2; The 13-headed hydra bites you.
* * * LOW HITPOINT WARNING * * *
The 13-headed hydra bites you!
You die...

Skill      XL: |  1  2  3  4  5  6  7  8  9 10 11 12 |
---------------+-------------------------------------+-----
Fighting       | 4 5 6 7 8 10 12 | 12.0
Axes           | 3 4 5 6 7 9 11 12 13 | 13.6
Invocations    | 4 9 10 | 10.0
Armour         | |  3.2
Shields        | |  4.0

Action                   |  1- 3 |  4- 6 |  7- 9 | 10-12 || total
-------------------------+-------+-------+-------+-------++-------
Melee: War axe           |    83 |   155 |   195 |   353 ||   786
Invok: Heroism           |       |       |       |     6 ||     6
       Finesse           |       |       |       |     2 ||     2
 Abil: Dig               |       |     3 |       |       ||     3
  Use: Scroll            |     3 |     3 |     6 |     4 ||    16
       Potion            |       |     1 |    13 |     3 ||    17
 Stab: Sleeping          |       |       |       |     1 ||     1
Armor: Scale mail        |    32 |    34 |    42 |       ||   108
       Acid dragon scale |       |       |    26 |   101 ||   127
Dodge: Dodged            |    38 |   118 |   174 |   293 ||   623
Block: Buckler           |    32 |    58 |    58 |   121 ||   269

Levels and vault maps discovered:
D:1:      nicolae_arrival_somewhat_less_tricky_arrival, layout_loops_ring,
          dreamdust_ecumenical_altar_drowned_temple, hex_large
D:2:      layout_basic, minmay_misc_feat_secret_circle,
          kennysheep_generic_room_9, uniq_jessica
D:3:      layout_basic, nicolae_uskayaw_dance_hall,
          nicolae_qazlal_style_of_elements, mainiacjoe_overflow_24_doors,
          gup_sewer_entry_pipe, uniq_terence
D:4:      gammafunk_cloud_chamber, layout_basic,
          minmay_temple_entry_enclosed_plants
D:5:      layout_layer_cave, sigmund_army
D:6:      layout_basic, serial_rivers, chequers_serial_rivers_small_a,
          chequers_serial_rivers_room_a, chequers_serial_rivers_small_b,
          chequers_serial_rivers_small_3, chequers_serial_rivers_small_a
D:7:      layout_cave_pools, grunt_temple_overflow_champion_of_chaos,
          st_stairs_6, serial_bayou_crossing, uniq_maggie
D:8:      layout_rooms, ebering_ghost_disaster_area, nicolae_fountain_basement,
          uniq_pikel
D:9:      layout_layer_cave, nicolae_overflow_crystal_walls, lair_entry_dummy,
          hangedman_fish_farm
D:10:     layout_basic, david_orc_3, kennysheep_donut
D:11:     layout_long_grid, okawaru_metal_pillars_1_2
D:12:     layout_big_octagon, kennysheep_windowed_goal
Temple:   compressed_dpeg_triangle_lava_temple
Orc:1:    layout_diamond_mine, serial_shops, nicolae_diamond_shop, uniq_snorg
Orc:2:    st_orc_rangers, layout_caves

Notes
Turn   | Place    | Note
-------+----------+-------------------------------------------
     0 | D:1      | ytrimaz the Formicid Fighter began the quest for the Orb.
     0 | D:1      | Reached XP level 1. HP: 18/18 MP: 1/1
     0 | D:1      | magus.rc [v1.9.6]
    96 | D:1      | Reached XP level 2. HP: 21/24 MP: 2/2
   452 | D:1      | Reached XP level 3. HP: 30/30 MP: 3/3
   559 | D:1      | Reached skill level 4 in Fighting
   601 | D:1      | Found a faded altar of an unknown god.
  1043 | D:2      | Reached skill level 3 in Axes
  1225 | D:2      | Reached XP level 4. HP: 37/37 MP: 4/4
  1240 | D:2      | You pick up a book of Minor Magic and begin reading...
  1240 | D:2      | You add the spells Magic Dart, Call Imp and Mephitic Cloud
                  | to your library.
  1285 | D:2      | Noticed Jessica
  1292 | D:2      | Killed Jessica
  1843 | D:2      | Reached XP level 5. HP: 43/43 MP: 5/5
  1993 | D:3      | Found a hide-covered altar of Uskayaw.
  2294 | D:3      | Noticed Terence
  2303 | D:3      | Killed Terence
  2304 | D:3      | Reached skill level 5 in Fighting
  2315 | D:3      | Found a blossoming altar of Fedhas.
  2436 | D:3      | Reached skill level 4 in Axes
  2910 | D:3      | Found a stormy altar of Qazlal.
  2915 | D:3      | Noticed a fire elemental
  2919 | D:3      | Noticed an air elemental
  2919 | D:3      | Noticed a water elemental
  3266 | D:4      | Reached XP level 6. HP: 51/51 MP: 6/6
  3408 | D:4      | Reached skill level 6 in Fighting
  3441 | D:4      | Found a staircase to the Ecumenical Temple.
  3467 | D:4      | Found a transporter.
  3556 | D:4      | Found a transporter.
  3563 | D:4      | Reached skill level 5 in Axes
  3563 | D:4      | Reached XP level 7. HP: 58/58 MP: 7/7
  3704 | Temple   | Entered the Ecumenical Temple
  3785 | Temple   | Became a worshipper of Warmaster Okawaru
  3809 | D:5      | Entered Level 5 of the Dungeon
  3875 | D:5      | You pick up a book of the Earth and begin reading...
  3875 | D:5      | You add the spells Leda's Liquefaction, Lee's Rapid
                  | Deconstruction and Statue Form to your library.
  3903 | D:5      | You pick up a book of Flames and begin reading...
  3903 | D:5      | You add the spells Foxfire, Conjure Flame, Inner Flame and
                  | Flame Wave to your library.
  3958 | D:5      | Noticed Sigmund
  3963 | D:5      | Gained mutation: You occasionally lose the ability to read
                  | scrolls when taking damage. [potion of mutation]
  3963 | D:5      | Gained mutation: Your spells are a little harder to cast,
                  | but a little more powerful. [potion of mutation]
  3963 | D:5      | Lost mutation: Your spells are a little harder to cast, but
                  | a little more powerful. [potion of mutation]
  3979 | D:5      | Killed Sigmund
  3982 | D:5      | Reached skill level 7 in Fighting
  4501 | D:5      | Reached * piety under Okawaru
  4502 | D:5      | Reached skill level 6 in Axes
  4502 | D:5      | Reached XP level 8. HP: 63/67 MP: 8/8
  4848 | D:5      | Identified the +3 long sword of Kypt {holy, rN+}
  5450 | D:6      | You pick up a book of Weapons and begin reading...
  5450 | D:6      | You add the spells Portal Projectile and Blade Hands to
                  | your library.
  5691 | D:6      | Reached skill level 8 in Fighting
  5700 | D:6      | Reached skill level 7 in Axes
  6155 | D:6      | Identified the +9 dagger of Peril {pain, *Rage rElec Dex+4}
  6508 | D:7      | Noticed a wyvern
  6514 | D:7      | Killed a wyvern
  6515 | D:7      | Reached XP level 9. HP: 54/75 MP: 9/9
  6570 | D:7      | Noticed a hornet
  6577 | D:7      | HP: 17/75 [hornet (10)]
  6578 | D:7      | HP: 6/75 [hornet (9)]
  6579 | D:7      | HP: 2/75 [poisoned by a hornet]
  6580 | D:7      | Killed a hornet
  6580 | D:7      | Reached ** piety under Okawaru
  6581 | D:7      | Reached skill level 9 in Fighting
  6709 | D:7      | Reached skill level 8 in Axes
  6720 | D:7      | Noticed Maggie
  6734 | D:7      | Killed Maggie
  6821 | D:7      | HP: 12/78 [wyvern (15)]
  6822 | D:7      | Reached skill level 10 in Fighting
  6829 | D:7      | Reached skill level 9 in Axes
  6895 | D:7      | Reached *** piety under Okawaru
  7044 | D:7      | Noticed a hornet
  7057 | D:7      | Killed a hornet
  7058 | D:7      | Reached XP level 10. HP: 72/86 MP: 10/10
  7157 | D:7      | Found a burning altar of Makhleb.
  7157 | D:7      | Found a shimmering altar of Xom.
  7312 | D:8      | Noticed Pikel
  7343 | D:7      | Reached skill level 11 in Fighting
  7370 | D:7      | Reached skill level 10 in Axes
  7377 | D:7      | Killed Pikel
  7417 | D:8      | Reached **** piety under Okawaru
  7443 | D:8      | Found a large runed translucent door.
  7444 | D:8      | Found a large runed translucent door.
  7444 | D:8      | Noticed bigduke15's ghost (novice MiFi)
  7922 | D:8      | You pick up a book of Geomancy and begin reading...
  7922 | D:8      | You add the spells Sandblast, Passwall and Stone Arrow to
                  | your library.
  8256 | D:9      | Found a staircase to the Lair.
  8320 | D:9      | Reached skill level 1 in Invocations
  8372 | D:9      | Reached skill level 12 in Fighting
  8518 | D:9      | Noticed a two-headed ogre
  8531 | D:9      | Killed a two-headed ogre
  8532 | D:9      | Reached skill level 11 in Axes
  8532 | D:9      | Reached skill level 3 in Invocations
  8772 | D:9      | Identified the +2 scale mail "Astry" {rC+}
  8841 | D:9      | Reached skill level 4 in Invocations
  8841 | D:9      | Reached XP level 11. HP: 91/95 MP: 12/14
  8974 | D:9      | Found a basalt altar of Yredelemnul.
  9255 | D:10     | Entered Level 10 of the Dungeon
  9273 | D:10     | Reached ***** piety under Okawaru
  9285 | D:10     | Found a staircase to the Orcish Mines.
  9287 | D:10     | Noticed a two-headed ogre
  9294 | D:10     | Reached skill level 5 in Invocations
  9303 | D:10     | Killed a two-headed ogre
  9307 | D:10     | Reached skill level 6 in Invocations
  9365 | D:10     | You pick up a book of Maledictions and begin reading...
  9365 | D:10     | You add the spells Anguish and Enfeeble to your library.
  9379 | D:10     | You pick up a book of Vapours and begin reading...
  9379 | D:10     | You add the spells Poisonous Vapours and Corpse Rot to your
                  | library.
  9871 | D:10     | Reached skill level 12 in Axes
  9882 | D:10     | Identified the +0 tower shield "Efadyhet" {Str+4 Dex+6}
                  | (Okawaru gifted it to you on level 10 of the Dungeon)
  9882 | D:10     | Received a gift from Okawaru
  9883 | D:10     | Reached skill level 7 in Invocations
  9997 | D:10     | Noticed a sun demon
 10351 | Orc:1    | Entered Level 1 of the Orcish Mines
 10358 | Orc:1    | Noticed an orc high priest
 10483 | Orc:1    | Killed an orc high priest
 10489 | Orc:1    | Reached skill level 8 in Invocations
 10549 | Orc:1    | Noticed a cyclops
 10562 | Orc:1    | Killed a cyclops
 10678 | Orc:1    | Found Xusmoqam's Distillery.
 10696 | Orc:1    | Bought 2 potions of heal wounds for 160 gold pieces
 10792 | Orc:2    | Entered Level 2 of the Orcish Mines
 10798 | Orc:2    | Noticed a cyclops
 10807 | Orc:2    | HP: 20/95 [ogre/+0 giant spiked club (6)]
 11024 | D:11     | Found an iron altar of Okawaru.
 11170 | D:11     | Noticed a two-headed ogre
 11178 | D:11     | Killed a two-headed ogre
 11263 | D:11     | Reached skill level 9 in Invocations
 11263 | D:11     | Reached XP level 12. HP: 84/102 MP: 18/18
 11271 | D:11     | Reached skill level 13 in Axes
 11299 | D:11     | Noticed a boulder beetle
 11309 | D:11     | Killed a boulder beetle
 11884 | D:12     | Reached skill level 10 in Invocations
 11952 | D:12     | Noticed a seven-headed hydra
 11970 | D:12     | HP: 20/102 [13-headed hydra (11)]
 11970 | D:12     | HP: 2/102 [13-headed hydra (10)]
 11972 | D:12     | Mangled by a 13-headed hydra

Vanquished Creatures
  A boulder beetle (D:11)
  3 two-headed ogres
  An orc high priest (Orc:1)
  Pikel (D:7)
  3 cyclopes
  A gargoyle (D:11)
  Maggie (D:7)
  2 kobold demonologists
  2 trolls
  A merfolk (D:9)
  2 hornets (D:7)
  Sigmund (D:5)
  2 wyverns (D:7)
  A basilisk (D:12)
  3 wraiths
  5 yaks (D:10)
  A steam dragon (D:7)
  2 wargs
  2 water moccasins
  2 ice beasts
  10 orc warriors
  2 ogres
  3 centaurs
  3 lemures (D:7)
  A phantom (D:4)
  4 kobold brigands
  A necrophage (D:5)
  4 scorpions
  A gnoll sergeant (D:8)
  11 wights
  6 killer bees (D:9)
  5 howler monkeys
  4 electric eels (D:10)
  A crimson imp (D:7)
  4 hounds
  2 jellies
  2 gnoll boudas
  3 orc priests
  Jessica (D:2)
  2 iguanas
  Terence (D:3)
  3 orc wizards
  15 gnolls
  6 adders
  A white imp (D:5)
  An ufetubus (D:7)
  A worm (D:2)
  4 dart slugs
  31 orcs
  9 ball pythons
  10 endoplasms
  4 giant cockroaches
  6 goblins
  7 hobgoblins
  11 jackals
  29 kobolds
  6 quokkas
  7 bats
  2 frilled lizards (D:1)
  7 rats
  A spectral kobold (D:1)
269 creatures vanquished.

Vanquished Creatures (others)
  An orc (D:7)
1 creature vanquished.

Grand Total: 270 creatures vanquished

Table legend:
 A = Non-vault XP
 B = Vault XP
 C = Vault XP percentage of total XP
 D = Non-vault monster count
 E = Vault monster count
 F = Vault count percentage of total count
                 A         B        C        D         E       F
            +---------+---------+-------+---------+---------+-------
      Total |   16240 |    2781 |  14.6 |     238 |      28 |  10.5
            +---------+---------+-------+---------+---------+-------
        D:1 |      41 |       1 |   2.4 |      21 |       1 |   4.5
        D:2 |      63 |      51 |  44.7 |      24 |       3 |  11.1
        D:3 |      37 |      48 |  56.5 |      14 |       7 |  33.3
        D:4 |     337 |       0 |   0.0 |      24 |       0 |   0.0
        D:5 |     315 |     242 |  43.4 |      14 |       4 |  22.2
        D:6 |     634 |       0 |   0.0 |      15 |       0 |   0.0
        D:7 |    2328 |    1314 |  36.1 |      38 |       4 |   9.5
        D:8 |     711 |       0 |   0.0 |      11 |       0 |   0.0
        D:9 |    1782 |     298 |  14.3 |      19 |       1 |   5.0
       D:10 |    3549 |     456 |  11.4 |      27 |       7 |  20.6
       D:11 |    3166 |       0 |   0.0 |      13 |       0 |   0.0
       D:12 |    1335 |     371 |  21.7 |       8 |       1 |  11.1
      Orc:1 |    1772 |       0 |   0.0 |       9 |       0 |   0.0
      Orc:2 |     170 |       0 |   0.0 |       1 |       0 |   0.0
            +---------+---------+-------+---------+---------+-------

Illustrated notes

Table legend:
 A = Kills in this place as a percentage of kills in entire the game.
 B = Kills by you in this place as a percentage of kills by you in the entire game.
 C = Kills by friends in this place as a percentage of kills by friends in the entire game.
 D = Other kills in this place as a percentage of other kills in the entire game.
 E = Experience gained in this place as a percentage of experience gained in the entire game.
 F = Experience gained in this place divided by the number of levels of this place that you have seen.
                   A       B       C       D       E      F
               +-------+-------+-------+-------+-------+----------------------
         Total | 100.0 | 100.0 |   N/A |   N/A | 100.0 | 1268.1
       Dungeon |  96.2 |  96.2 |   N/A |   N/A |  89.8 | 1423.2
  Orcish Mines |   3.8 |   3.8 |   N/A |   N/A |  10.2 | 971.0
               +-------+-------+-------+-------+-------+----------------------

Table legend: (Time is in decaauts)
 A = Elapsed time spent in this place.
 B = Non-inter-level travel time spent in this place.
 C = Inter-level travel time spent in this place.
 D = Time resting spent in this place.
 E = Time spent auto-exploring this place.
 F = Levels seen in this place.
 G = Mean time per level.
                   A        B        C        D        E       F      G
               +--------+--------+--------+--------+--------+-----+--------+
         Total |  12105 |  11636 |    469 |    711 |   8857 |  15 |  807.0 |
       Dungeon |  11585 |  11152 |    433 |    608 |   8586 |  12 |  965.4 |
        Temple |     94 |     72 |     22 |      0 |     62 |   1 |   94.0 |
  Orcish Mines |    424 |    410 |     14 |    103 |    209 |   2 |  212.0 |
               +--------+--------+--------+--------+--------+-----+--------+

Top non-repeatable levels by time:
     D:5: 1598 daAuts
     D:9: 1237 daAuts
    D:10: 1210 daAuts
     D:3: 1176 daAuts
     D:6: 1135 daAuts
     D:2: 1092 daAuts
     D:1: 938 daAuts
     D:7: 895 daAuts
    D:11: 888 daAuts
     D:8: 634 daAuts
     D:4: 610 daAuts
   Orc:1: 407 daAuts
    D:12: 167 daAuts
  Temple: 94 daAuts
   Orc:2: 17 daAuts
